Map: Neon Violet Square LE

Players

Elazer - Winner!

  • Race: Zerg Zerg
  • Spawn Location: 5:00

Zest

  • Race: Protoss Protoss
  • Spawn Location: 11:00

Event: IEM Season 12 - PyeongChang

VOD

Have the link to the VOD?

Description

Time

  • Played on: Feb. 5, 2018, 9:32 p.m.
  • Length: 7:41

All games in this series

Show
View Real Time Build Order
Export as new Build Order

Elazer Zerg - Winner!

Build Orders: Pool First 

Get SALT Encoding   

  12  0:00  Drone  
  13  0:12  Overlord  
  13  0:17  Drone  
  14  0:31  Drone x2  
  14  0:35  Drone  
  17  0:45  Drone, Extractor  
  17  0:52  Spawning Pool  
  17  0:56  Drone  
  17  1:07  Drone  
  18  1:21  Hatchery  
  17  1:26  Drone  
  18  1:38  Queen  
  18  1:39  Zergling x2  
  21  1:46  Metabolic Boost  
  21  1:53  Overlord  
  21  1:57  Drone  
  22  2:15  Drone x2  
  24  2:23  Zergling x2  
  25  2:32  Queen  
  25  2:33  Drone, Zergling x2  
  29  2:43  Drone  
  30  2:47  Drone x3  
  30  2:48  Drone  
  34  2:57  Overlord  
  34  2:59  Drone  
  34  3:04  Hatchery  
  34  3:08  Drone, Zergling x2  
  36  3:15  Queen  
  36  3:18  Overlord  
  36  3:19  Drone  
  39  3:24  Drone x3  
  42  3:28  Lair  
  42  3:29  Drone  
  42  3:35  Extractor  
  42  3:39  Roach Warren  
  42  3:40  Drone x2  
  42  3:43  Drone  
  42  3:45  Overlord  
  43  3:52  Spore Crawler  
  43  3:54  Spore Crawler  
  41  3:56  Queen  
  43  4:05  Zergling x10  
  43  4:09  Overlord  
  48  4:19  Roach x3  
  48  4:23  Roach  
  56  4:25  Glial Reconstitution  
  56  4:30  Roach x2  
  60  4:32  Overlord  
  60  4:35  Drone  
  61  4:38  Roach  
  61  4:40  Overlord  
  60  4:55  Queen  
  60  4:57  Roach  
  60  4:58  Roach  
  66  5:02  Roach  
  66  5:03  Roach x2  
  66  5:05  Roach  
  66  5:06  Overlord  
  74  5:17  Overlord  
  74  5:25  Zergling x16  
  74  5:28  Overlord  
  82  5:36  Ravager  
  82  5:37  Ravager  
  82  5:38  Zergling x6  
  87  5:42  Zergling x2  
  87  5:43  Zergling x4  
  87  5:46  Ravager  
  85  5:59  Zergling x8  
  80  6:10  Roach x5  
  87  6:17  Roach  
  87  6:24  Roach  
  87  6:25  Roach  
  85  6:30  Zergling x8  
  87  6:39  Zergling x2  
  86  6:40  Zergling x6  
  86  6:42  Queen x2  
  86  6:46  Zergling x2  
  86  6:47  Zergling x4  
  84  6:54  Ravager x2  
  84  6:55  Zergling x4  
  85  7:03  Roach x2  
  85  7:08  Roach  
  88  7:14  Roach  
  82  7:18  Roach  
Show
View Real Time Build Order
Export as new Build Order

Zest Protoss 

Build Orders: 1 Gate Expand, Oracle Opening, Phoenix Opening 

Get SALT Encoding   

  12  0:00  Probe  
  13  0:12  Probe  
  14  0:20  Pylon  
  14  0:24  Probe  
  15  0:38  Probe (Chrono Boost)  
  16  0:43  Gateway  
  16  0:47  Assimilator, Probe (Chrono Boost)  
  17  0:53  Probe  
  18  1:05  Probe  
  19  1:17  Probe  
  20  1:27  Nexus  
  20  1:37  Cybernetics Core  
  20  1:39  Probe  
  21  1:48  Assimilator  
  21  1:51  Probe  
  22  1:56  Pylon  
  22  2:04  Probe  
  23  2:12  Adept (Chrono Boost)  
  25  2:16  Probe  
  25  2:22  Stargate  
  26  2:27  Warp Gate  
  26  2:28  Probe  
  27  2:34  Adept  
  29  2:40  Probe x2  
  31  2:52  Probe  
  31  2:53  Probe  
  32  3:03  Adept  
  32  3:04  Probe  
  32  3:05  Probe, Phoenix (Chrono Boost)  
  36  3:12  Pylon  
  38  3:16  Probe (Chrono Boost)  
  40  3:20  Oracle (Chrono Boost)  
  40  3:23  Probe (Chrono Boost)  
  40  3:27  Probe (Chrono Boost)  
  44  3:30  Probe (Chrono Boost)  
  44  3:33  Probe  
  47  3:41  Probe  
  47  3:45  Probe  
  47  3:47  Oracle (Chrono Boost)  
  51  3:58  Nexus  
  51  4:02  Pylon  
  51  4:03  Probe  
  51  4:06  Probe  
  53  4:12  Robotics Facility  
  54  4:17  Probe  
  54  4:20  Probe  
  54  4:22  Assimilator  
  55  4:29  Probe  
  56  4:32  Assimilator  
  56  4:33  Probe  
  56  4:37  Pylon  
  57  4:41  Probe  
  59  4:58  Gateway  
  59  4:59  Gateway, Immortal (Chrono Boost)  
  58  5:01  Gateway, Pylon  
  58  5:03  Gateway  
  58  5:05  Shield Battery  
  62  5:08  Sentry  
  64  5:17  Pylon  
  64  5:27  Shield Battery  
  68  5:28  Pylon, Immortal (Chrono Boost)  
  68  5:34  Shield Battery x2  
  68  5:36  Sentry  
  70  5:51  Gateway  
  70  5:52  Gateway  
  70  5:56  Sentry  
  68  5:57  Sentry x2  
  62  6:06  Sentry x2  
  61  6:23  Sentry  
  61  6:24  Zealot x2  
  65  6:27  Pylon  
  59  6:37  Sentry  
  53  6:40  Zealot  
  53  6:46  Stalker x3  
  47  6:57  Zealot  
  47  6:58  Zealot x3  
  53  7:05  Probe x2  
  53  7:06  Zealot  
  49  7:09  Zealot x2  
  45  7:21  Zealot x4  
  46  7:29  Zealot  
  43  7:30  Zealot  

Tags
 
Add a new tag
Caveats
  • Supply blocks, unpowered buildings, or Contaminate may cause inaccurate times.
  • Supply counts are checked every 10 seconds.